 Dungeon Crawl Stone Soup version 0.30.0-30-g96aa6591b8 (webtiles) character file.

Game seed: 6544389085265607707

41 innerfire43 the Trooper (level 3, -2/29 HPs)
             Began as a Demonspawn Monk on June 26, 2023.
             Was a Plaything of Xom.
             Slain by a chaos spawn (12 damage)
             ... summoned by Xom
             ... on level 2 of the Dungeon.
             The game lasted 00:01:26 (1400 turns).

innerfire43 the Trooper (Demonspawn Monk)           Turns: 1400, Time: 00:01:26

Health: -2/29      AC:  3    Str: 13    XL:     3   Next: 32%
Magic:  3/3        EV: 20    Int: 11    God:    Xom [......]
Gold:   122        SH:  0    Dex: 15    Spells: 2/2 levels left

rFire   . . .        a - +0 hand axe
rCold   . . .        d - orb {light}
rNeg    . . .        b - +0 robe
rPois   .            (no helmet)
rElec   .            f - +0 cloak
rCorr   .            (no gloves)
SInv    .            (no boots)
Will    .....        (no amulet)
Stlth   +            (no ring)
HPRegen 0.24/turn    (no ring)
MPRegen 0.08/turn

%: no passive effects
@: agile, glowing
A: repulsion field 1, ignite blood 1
a: Renounce Religion


You were on level 2 of the Dungeon.
You worshipped Xom.
You were a very special plaything of Xom.
You visited 1 branch of the dungeon, and saw 3 of its levels.

You collected 122 gold pieces.

Inventory:

Hand Weapons
 a - a +0 hand axe (weapon)
 g - a +2 short sword of freezing
Armour
 b - a +0 robe (worn)
 d - an orb of light (worn)
 f - a +0 cloak (worn)
Jewellery
 i - a ring of willpower
Scrolls
 e - a scroll of blinking {unknown}
 h - a scroll of magic mapping {unknown}
 k - a scroll of enchant armour {unknown}
 l - a scroll of identify {unknown}
 m - a scroll of amnesia {unknown}
 n - a scroll of fear {unknown}
Potions
 c - a potion of ambrosia
 j - 2 potions of brilliance {unknown}
 o - a potion of attraction {unknown}


   Skills:
 + Level 3.5 Fighting
 + Level 3.3 Axes
 + Level 3.1 Dodging


You had 2 spell levels left.
You didn't know any spells.
Your spell library contained the following spells:

 Spells                   Type           Power      Damage    Failure   Level
 Stone Arrow              Conj/Erth      0%         3d7       71%         3
 Animate Armour           Summ/Erth      0%         N/A       98%         4
 Simulacrum               Ice/Necr       0%         N/A       100%        6
 Ozocubu's Refrigeration  Ice            0%         4d7       100%        7
 Lehudib's Crystal Spear  Conj/Erth      0%         10d2      100%        8
 Polar Vortex             Ice            0%         N/A       100%        9


Dungeon Overview and Level Annotations

Branches:
Dungeon (3/15)

Altars:
Xom


Innate Abilities, Weirdness & Mutations

You are surrounded by a mild repulsion field. (EV +2)
Your demonic aura sometimes causes spilled blood to erupt in flames.


Message History

You kill the endoplasm!
Xom's power almost touches on you for a moment.
Your scroll labelled SUOCABB XU ATAA briefly glows.
You are now a very special plaything of Xom.
No target in view!
m - a scroll labelled EDUOBU SOLI No target in view!
You now have 122 gold pieces (gained 13).
n - a scroll labelled NOKHUA ECIE No target in view!
You pick up a book of Armaments and begin reading...
You add the spells Stone Arrow, Animate Armour and Lehudib's Crystal Spear to your library.
No target in view!
No target in view!
Found a short sword.
No target in view!
You see here a +0 short sword.
A ball python comes into view.
The ball python hisses angrily.
You hit the ball python.
You kill the ball python!
o - a bubbling inky potion You see here a +0 leather armour.
No target in view! "Time to have some fun!"
You barely miss the chaos spawn.
The chaos spawn hits you but does no damage.
There are monsters nearby!
You barely miss the chaos spawn. You hit the shadow imp.
The shadow imp misses you. The chaos spawn gores you.
You feel agile all of a sudden.
You hit the shadow imp but do no damage.
The shadow imp is lightly wounded.
You hit the chaos spawn but do no damage.
The chaos spawn hits you!
Ouch! That really hurt!
The shadow imp closely misses you.
You hit the chaos spawn but do no damage.
You hit the shadow imp. The chaos spawn hits you!
You die...

# #.....# #
#.###.##### # #.#
#)....#
###.###.###.######
.................#
########.##.####.#
# #.##.# #.#
########.##.# #5#
.........##.# #@#
#.#####..##.#
#4############# #
#..##.#
#..........[..#
#..##.#
#############.#
#####.# #.# #.#
#.# .###########
#.# .........[.#
#.#


You could see a chaos spawn (summoned) and a shadow imp (summoned).

Vanquished Creatures
  5 endoplasms
  4 giant cockroaches (D:1)
  2 hobgoblins
  A kobold (D:1)
  A quokka (D:1)
  7 ball pythons
  6 bats
  6 frilled lizards
  2 goblins
  6 rats
40 creatures vanquished.

Notes
Turn   | Place    | Note
-------+----------+-------------------------------------------
     0 | D:1      | innerfire43 the Demonspawn Monk began the quest for the
                  | Orb.
     0 | D:1      | Reached XP level 1. HP: 18/18 MP: 1/1
   122 | D:1      | Gained mutation: Your demonic aura sometimes causes spilled
                  | blood to erupt in flames. [demonic ancestry]
   122 | D:1      | Reached XP level 2. HP: 24/24 MP: 2/2
   551 | D:1      | Found a faded altar of an unknown god.
   563 | D:1      | Prayed at the altar of an unknown god.
   563 | D:1      | Became a worshipper of Xom of Many Doors
   684 | D:1      | Gained mutation: You are surrounded by a mild repulsion
                  | field. (EV +2) [demonic ancestry]
   684 | D:1      | Reached XP level 3. HP: 28/29 MP: 3/3
  1065 | D:2      | XOM: silly message
  1109 | D:2      | You fall into a shaft and drop 1 floor!
  1292 | D:2      | XOM: silly message
  1396 | D:2      | XOM: summons 2 hostile demons
  1397 | D:2      | Noticed a chaos spawn
  1400 | D:2      | Slain by a chaos spawn

Illustrated notes

Levels and vault maps discovered:
D:1:      dpeg_arrival_simpleton_c, layout_basic,
          chequers_ecumenical_altar_twisty
D:2:      layout_loops_ring, basic_altar
D:3:      layout_loops_cross, nzn_wu_jian_council_hall

Skill      XL: |  1  2 |
---------------+-------+-----
Axes           | 3 |  3.3
Dodging        | 3 |  3.1
Fighting       | |  3.5

Action                     || total
---------------------------++-------
  Melee: Hand axe          ||    94
 Armour: Robe              ||    30
  Dodge: Dodged            ||    68
